 Dungeon Crawl Stone Soup version 0.24-a0-170-gd8427f5 (webtiles) character file.

Game seed: 17852921362721204581

181 tilp the Chopper (level 5, -1/41 HPs)
             Began as a Demonspawn Chaos Knight on Mar 11, 2019.
             Was a Plaything of Xom.
             Slain by an orc priest
             ... wielding a +0 hand axe
              (6 damage)
             ... on level 3 of the Dungeon.
             The game lasted 00:06:39 (1664 turns).

tilp the Chopper (Demonspawn Chaos Knight)          Turns: 1664, Time: 00:06:40

Health: -1/41      AC: 12    Str: 13    XL:     5   Next: 34%
Magic:  5/5        EV:  9    Int: 13    God:    Xom [..*...]
Gold:   105        SH:  0    Dex: 13    Spells: 4/4 levels left

rFire    + . .     SeeInvis .   a - +0 hand axe (chaos)
rCold    . . .     Gourm    .   (no shield)
rNeg     . . .     Faith    .   r - +0 scale mail
rPois    .         Spirit   .   (no helmet)
rElec    .         Reflect  .   (no cloak)
rCorr    .         Harm     .   (no gloves)
MR       .....                  (no boots)
Stlth    ..........             (no amulet)
HPRegen  0.13/turn              (no ring)
MPRegen  0.09/turn              (no ring)

@: sanguine armour, very slightly contaminated
A: hooves 1, fire resistance 1, sanguine armour 1
a: Renounce Religion


You were on level 3 of the Dungeon.
You worshipped Xom.
You were a toy of Xom.
You were not hungry.

You visited 1 branch of the dungeon, and saw 3 of its levels.

You collected 105 gold pieces.

Inventory:

Hand Weapons
 a - a +0 hand axe of chaos (weapon)
 j - a +0 hunting sling
Missiles
 e - 122 stones
 p - 7 tomahawks (quivered)
 q - 7 tomahawks of returning
Armour
 b - a +2 leather armour
 r - a +0 scale mail (worn)
 t - a +0 shield
Jewellery
 u - a cursed -5 ring of strength {unknown}
 v - a +1 ring of protection {unknown}
Scrolls
 d - a scroll of fog {unknown}
 g - 4 scrolls of magic mapping {unknown}
 i - 2 scrolls of remove curse {unknown}
 l - a scroll of fear {unknown}
 m - a scroll of enchant weapon {unknown}
 n - 2 scrolls of teleportation {unknown}
 o - 2 scrolls of identify {unknown}
 w - 2 scrolls of immolation {unknown}
Potions
 h - 3 potions of curing {unknown}
 k - a potion of flight {unknown}
 s - a potion of haste {unknown}
Comestibles
 c - 2 rations
 f - 6 chunks of flesh


   Skills:
 - Level 3.0 Fighting
 + Level 5.5 Axes
 - Level 1.7 Armour
 - Level 0.8 Dodging


You had 4 spell levels left.
You didn't know any spells.
Your spell library was empty.

Dungeon Overview and Level Annotations

Branches:
Dungeon (3/15)

Altars:

Annotations:
D:3 1 runed translucent door, XanderDroid's ghost, amateur MiBe


Innate Abilities, Weirdness & Mutations

You have large cloven feet.
Your flesh is heat resistant. (rF+)
When seriously injured, your bleeding wounds create armour. (AC +6)


Message History

You are too injured to fight recklessly!
You are too injured to fight recklessly!
You are too injured to fight recklessly!
You barely miss something. Your kick misses something.
Something hits you but does no damage.
You miss something. You kick something. Something hits you!
You hit something but do no damage.
Nothing appears to happen.
Something hits you but does no damage.
You closely miss something. Your kick misses something.
Something hits you but does no damage.
You closely miss something. You kick something.
Something hits you but does no damage.
You hit something but do no damage.
You feel a bit tired. Something hits you.
You miss something. Something hits you but does no damage.
Your scale mail prevents you from hitting something.
Your kick misses something. Something hits you!
* * * LOW HITPOINT WARNING * * *
You closely miss something. You kick something. Something hits you.
You die... "Boring in life, boring in death..."

#.#..# #.# #.#.# .#
..#.(# #.###.#.# #.#..#
.. ......w.#
#.#..##.###.#..<..#
..#.........#.....
.....^....#.# ...
.....##.#.#.# #.# .#
#.#####.#.#.###.###...##
#.#####.#.#.....@)......
.................{.....#
#...###.#.######.......#
#.#.###.#.# #.......#
#.........# #.......#
#.#######.# #.......#
#.# #.# #.......# #.#
#.# ######### #. #.#


There were no monsters in sight!

Vanquished Creatures
  2 orc wizards (D:3)
  Natasha (D:2)
  3 adders
  A worm (D:2)
  2 dart slugs
  2 leopard geckos
  7 orcs (D:3)
  3 goblins
  4 hobgoblins
  9 jackals
  8 kobolds
  2 quokkas
  A ball python (D:1)
  6 bats
  3 frilled lizards
  5 rats
59 creatures vanquished.

Notes
Turn   | Place    | Note
-------+----------+-------------------------------------------
     0 | D:1      | tilp the Demonspawn Chaos Knight began the quest for the
                  | Orb.
     0 | D:1      | Reached XP level 1. HP: 18/18 MP: 1/1
    80 | D:1      | Reached skill level 3 in Axes
   123 | D:1      | Gained mutation: Your flesh is heat resistant. (rF+)
                  | [demonic ancestry]
   123 | D:1      | Reached XP level 2. HP: 7/24 MP: 2/2
   909 | D:2      | Gained mutation: You have large cloven feet. [demonic
                  | ancestry]
   909 | D:2      | Reached XP level 3. HP: 27/29 MP: 3/3
  1003 | D:2      | Reached skill level 4 in Axes
  1298 | D:2      | Noticed Natasha
  1302 | D:2      | XOM: cast spell 'Ring of Flames'
  1309 | D:2      | Killed Natasha
  1309 | D:2      | Reached XP level 4. HP: 28/35 MP: 4/4
  1424 | D:3      | Found a runed translucent door.
  1424 | D:3      | Noticed XanderDroid's ghost (amateur MiBe)
  1482 | D:3      | XOM: potion effect (agility)
  1489 | D:3      | XOM: potion effect (invisibility)
  1491 | D:3      | Reached skill level 5 in Axes
  1526 | D:3      | Gained mutation: When seriously injured, your bleeding
                  | wounds create armour. (AC +6) [demonic ancestry]
  1526 | D:3      | Reached XP level 5. HP: 38/41 MP: 5/5
  1664 | D:3      | Slain by an orc priest

Levels and vault maps discovered:
D:1:      dpeg_arrival_three_same_balls, layout_basic, minmay_splitting_lines
D:2:      layout_rooms, minivault_23, feat_on_display, uniq_natasha
D:3:      layout_basic, ebering_ghost_sewer_d

Skill      XL: |  1  2  3  4 |
---------------+-------------+-----
Axes           | 3 4 5 |  5.5
Fighting       | |  3.0
Armour         | |  1.7
Dodging        | |  0.8

Action                   |  1- 3 |  4- 6 || total
-------------------------+-------+-------++-------
Melee: Hand axe          |   116 |    65 ||   181
       Kick              |     8 |    13 ||    21
Throw: Tomahawk          |     8 |       ||     8
 Stab: Distracted        |     3 |       ||     3
       Paralysed         |     1 |       ||     1
       Invisible         |       |     3 ||     3
  Eat: Chunk             |     1 |     2 ||     3
Armor: Leather armour    |    43 |       ||    43
       Scale mail        |    15 |    33 ||    48
Dodge: Dodged            |    60 |    53 ||   113

Table legend:
 A = Non-vault XP
 B = Vault XP
 C = Vault XP percentage of total XP
 D = Non-vault monster count
 E = Vault monster count
 F = Vault count percentage of total count
                 A         B        C        D         E       F
            +---------+---------+-------+---------+---------+-------
      Total |     223 |      36 |  13.9 |      58 |       1 |   1.7
            +---------+---------+-------+---------+---------+-------
        D:1 |      31 |       0 |   0.0 |      19 |       0 |   0.0
        D:2 |      61 |      36 |  37.1 |      21 |       1 |   4.5
        D:3 |     131 |       0 |   0.0 |      18 |       0 |   0.0
            +---------+---------+-------+---------+---------+-------
